TOP OF THE 1ST |
Toronto Blue Jays batting - Pitching for New York Yankees : RHP Nick Tropeano
|
Pitching: RHP Nick Tropeano
|
|
Batting: LHB Dee Gordon
|
0-0: Foul Ball, location: 2F 0-1: Ball 1-1: Foul Ball, location: 2F 1-2: Strikes out swinging
|
Batting: RHB Elvis Andrus
|
0-0: Ball 1-0: Ball 2-0: Ball 3-0: Fly out, F7 (Flyball, 7)
|
Batting: RHB Andrew McCutchen
|
0-0: Foul Ball, location: 2F 0-1: Swinging Strike 0-2: Strikes out swinging
|
Top of the 1st over - 0 runs, 0 hits, 0 errors, 0 left on base; Toronto 0 - New York 0 |
BOTTOM OF THE 1ST |
New York Yankees batting - Pitching for Toronto Blue Jays : RHP Michael Fulmer
|
Pitching: RHP Michael Fulmer
|
|
Batting: RHB Manny Margot
|
0-0: DOUBLE (Groundball, 5L)
|
Batting: RHB Anthony Rendon
|
0-0: Ball 1-0: Ball 2-0: Swinging Strike 2-1: Foul Ball, location: 2F 2-2: Fly out, F7 (Flyball, 7)
|
Batting: RHB Ryan Braun
|
0-0: Called Strike 0-1: Fly out, F8 (Flyball, 8LS)
|
Batting: LHB Willie Calhoun
|
0-0: Called Strike 0-1: Foul Ball, location: 2F 0-2: Ball 1-2: SINGLE (Groundball, 4MD) Manny Margot to third Runner from 3rd tries for Home, SAFE, throw made home
|
Batting: RHB Buster Posey
|
0-0: Fly out, F9 (Flyball, 89M)
|
Bottom of the 1st over - 1 run, 2 hits, 0 errors, 1 left on base; Toronto 0 - New York 1 |
TOP OF THE 2ND |
Toronto Blue Jays batting - Pitching for New York Yankees : RHP Nick Tropeano
|
Batting: SHB Josh Bell
|
0-0: Ball 1-0: Foul Ball, location: 2F 1-1: Ball 2-1: Ball 3-1: Swinging Strike 3-2: Strikes out swinging
|
Batting: LHB Carlos Gonzalez
|
0-0: Called Strike 0-1: Ball 1-1: Ball 2-1: Ball 3-1: Fly out, F6 (Popup, 4MD)
|
Batting: RHB Nicholas Castellanos
|
0-0: Ball 1-0: Foul Ball, location: 2F 1-1: Foul Ball, location: 2F 1-2: SOLO HOME RUN (Flyball, 78XD), Distance : 416 ft
|
Batting: RHB Jorge Soler
|
0-0: Foul Ball, location: 2F 0-1: Foul Ball, location: 2F 0-2: Ball 1-2: Ball 2-2: Ball 3-2: Foul Ball, location: 2F 3-2: DOUBLE (Flyball, 78D)
|
Batting: RHB Keon Broxton
|
0-0: Swinging Strike 0-1: Ball 1-1: Foul Ball, location: 2F 1-2: Strikes out looking
|
Top of the 2nd over - 1 run, 2 hits, 0 errors, 1 left on base; Toronto 1 - New York 1 |
BOTTOM OF THE 2ND |
New York Yankees batting - Pitching for Toronto Blue Jays : RHP Michael Fulmer
|
Batting: LHB Logan Morrison
|
0-0: Called Strike 0-1: Foul Ball, location: 2F 0-2: Ball 1-2: Foul Ball, location: 2F 1-2: SINGLE (Groundball, 4D)
|
Batting: RHB Devon Travis
|
0-0: Ball 1-0: Fly out, F8 (Line Drive, 8LD)
|
Batting: LHB Brandon Crawford
|
0-0: Ball 1-0: Called Strike 1-1: Foul Ball, location: 2F 1-2: Strikes out swinging
|
Batting: LHB Billy McKinney
|
0-0: Ball 1-0: Ball 2-0: Ball 3-0: Called Strike 3-1: Base on Balls Logan Morrison to second
|
Batting: RHB Manny Margot
|
0-0: Foul Ball, location: 2F 0-1: Fly out, F1 (Line Drive, P)
|
Bottom of the 2nd over - 0 runs, 1 hit, 0 errors, 2 left on base; Toronto 1 - New York 1 |
TOP OF THE 3RD |
Toronto Blue Jays batting - Pitching for New York Yankees : RHP Nick Tropeano
|
Batting: RHB Austin Hedges
|
0-0: Fly out, F7 (Flyball, 78D)
|
Batting: LHB Dee Gordon
|
0-0: Called Strike 0-1: Swinging Strike 0-2: Foul Ball, location: 2F 0-2: Ground out 6-3 (Groundball, 6S)
|
Batting: RHB Elvis Andrus
|
0-0: Ball 1-0: Ball 2-0: Foul Ball, location: 2F 2-1: Ground out 6-3 (Groundball, 4MD)
|
Top of the 3rd over - 0 runs, 0 hits, 0 errors, 0 left on base; Toronto 1 - New York 1 |
BOTTOM OF THE 3RD |
New York Yankees batting - Pitching for Toronto Blue Jays : RHP Michael Fulmer
|
Batting: RHB Anthony Rendon
|
0-0: Fly out, F7 (Flyball, 7LM)
|
Batting: RHB Ryan Braun
|
0-0: Called Strike 0-1: Ball 1-1: Foul Ball, location: 2F 1-2: Ball 2-2: Foul Ball, location: 2F 2-2: Ground out 5-3 (Groundball, 56)
|
Batting: LHB Willie Calhoun
|
0-0: Ball 1-0: Ball 2-0: Ball 3-0: Called Strike 3-1: Foul Ball, location: 2F 3-2: Strikes out looking
|
Bottom of the 3rd over - 0 runs, 0 hits, 0 errors, 0 left on base; Toronto 1 - New York 1 |
TOP OF THE 4TH |
Toronto Blue Jays batting - Pitching for New York Yankees : RHP Nick Tropeano
|
Batting: RHB Andrew McCutchen
|
0-0: DOUBLE (Line Drive, 9LD)
|
Batting: SHB Josh Bell
|
0-0: Foul Ball, location: 2F 0-1: Called Strike 0-2: Ball 1-2: Strikes out swinging
|
Batting: LHB Carlos Gonzalez
|
0-0: Ball 1-0: Called Strike 1-1: Ball 2-1: Ball 3-1: Called Strike 3-2: Base on Balls
|
Batting: RHB Nicholas Castellanos
|
0-0: Ball 1-0: Foul Ball, location: 2F 1-1: Ball 2-1: Foul Ball, location: 2F 2-2: Fly out, F8 (Line Drive, 8LM)
|
Batting: RHB Jorge Soler
|
0-0: Ball 1-0: Foul Ball, location: 2F 1-1: SINGLE (Groundball, 6D) Andrew McCutchen to third Carlos Gonzalez to second Runner from 3rd tries for Home, SAFE, no throw
|
Batting: RHB Keon Broxton
|
0-0: Ball 1-0: Fly out, F7 (Flyball, 78M)
|
Top of the 4th over - 1 run, 2 hits, 0 errors, 2 left on base; Toronto 2 - New York 1 |
BOTTOM OF THE 4TH |
New York Yankees batting - Pitching for Toronto Blue Jays : RHP Michael Fulmer
|
Batting: RHB Buster Posey
|
0-0: Ball 1-0: Fly out, F8 (Flyball, 8RD)
|
Batting: LHB Logan Morrison
|
0-0: Foul Ball, location: 2F 0-1: Ball 1-1: Fly out, F3 (Popup, 23F)
|
Batting: RHB Devon Travis
|
0-0: Ball 1-0: Ball 2-0: Swinging Strike 2-1: DOUBLE (Flyball, 78D)
|
Batting: LHB Brandon Crawford
|
0-0: Called Strike 0-1: Foul Ball, location: 2F 0-2: Ball 1-2: Ball 2-2: Hit by Pitch
|
Batting: LHB Billy McKinney
|
0-0: Ball 1-0: SINGLE (Line Drive, 6D) Devon Travis to third Brandon Crawford to second Runner from 3rd tries for Home, SAFE, throw made home
|
Batting: RHB Manny Margot
|
0-0: Called Strike 0-1: Called Strike 0-2: SINGLE (Groundball, 4MD) Brandon Crawford to third Billy McKinney to second Runner from 3rd tries for Home, SAFE, throw made home
|
Batting: RHB Anthony Rendon
|
0-0: Foul Ball, location: 2F 0-1: Ball 1-1: Ball 2-1: Fly out, F7 (Line Drive, 7)
|
Bottom of the 4th over - 2 runs, 3 hits, 0 errors, 2 left on base; Toronto 2 - New York 3 |
TOP OF THE 5TH |
Toronto Blue Jays batting - Pitching for New York Yankees : RHP Nick Tropeano
|
Batting: RHB Austin Hedges
|
0-0: Ball 1-0: Foul Ball, location: 2F 1-1: Ball 2-1: Swinging Strike 2-2: Ball 3-2: Base on Balls
|
Batting: LHB Dee Gordon
|
0-0: Ball 1-0: Foul Ball, location: 2F 1-1: Ball 2-1: SINGLE (Line Drive, 4D) Austin Hedges to second Runner from 2nd tries for 3rd, SAFE, no throw
|
Batting: RHB Elvis Andrus
|
0-0: Ball 1-0: Called Strike 1-1: Ball 2-1: Called Strike 2-2: Grounds into double play, 1-6-3 (Groundball, 13S)
|
Batting: RHB Andrew McCutchen
|
0-0: Ball 1-0: Called Strike 1-1: Foul Ball, location: 2F 1-2: Strikes out swinging
|
Top of the 5th over - 0 runs, 1 hit, 0 errors, 1 left on base; Toronto 2 - New York 3 |
BOTTOM OF THE 5TH |
New York Yankees batting - Pitching for Toronto Blue Jays : RHP Michael Fulmer
|
Batting: RHB Ryan Braun
|
0-0: SINGLE (Groundball, 5D)
|
Batting: LHB Willie Calhoun
|
0-0: Grounds into double play, 5-4-3 (Groundball, 56)
|
Batting: RHB Buster Posey
|
0-0: Called Strike 0-1: Ball 1-1: Foul Ball, location: 2F 1-2: Ground out 5-3 (Groundball, 56)
|
Bottom of the 5th over - 0 runs, 1 hit, 0 errors, 0 left on base; Toronto 2 - New York 3 |
TOP OF THE 6TH |
Toronto Blue Jays batting - Pitching for New York Yankees : RHP Nick Tropeano
|
Pitching: RHP Josh Lucas
|
|
Batting: SHB Josh Bell
|
0-0: Foul Ball, location: 2F 0-1: Ball 1-1: Ground out 4-3 (Groundball, 4)
|
Batting: LHB Carlos Gonzalez
|
0-0: Swinging Strike 0-1: Ball 1-1: Swinging Strike 1-2: Ball 2-2: Ball 3-2: Strikes out swinging
|
Batting: RHB Nicholas Castellanos
|
0-0: SINGLE (Line Drive, 78S)
|
Batting: RHB Jorge Soler
|
0-0: Ball 1-0: Ball 2-0: Ball 3-0: Base on Balls Nicholas Castellanos to second
|
Batting: RHB Keon Broxton
|
0-0: Called Strike 0-1: Foul Ball, location: 2F 0-2: Ball 1-2: Foul Ball, location: 2F 1-2: DOUBLE (Flyball, 89XD) Nicholas Castellanos scores Jorge Soler to third
|
Batting: RHB Austin Hedges
|
0-0: Ball 1-0: SINGLE (Groundball, 56D) Jorge Soler scores Keon Broxton to third Runner from 3rd tries for Home, SAFE, no throw
|
Pitching: RHP Wade Davis
|
|
Batting: LHB Dee Gordon
|
0-0: Called Strike 0-1: Ball 1-1: Ball 2-1: Ball 3-1: Foul Ball, location: 2F 3-2: SINGLE (Line Drive, 7S) Austin Hedges to second Austin Hedges to third
|
Batting: RHB Elvis Andrus
|
0-0: Called Strike Dee Gordon steals 2nd base 0-1: Swinging Strike 0-2: Ball 1-2: Strikes out looking
|
Top of the 6th over - 3 runs, 4 hits, 0 errors, 2 left on base; Toronto 5 - New York 3 |
BOTTOM OF THE 6TH |
New York Yankees batting - Pitching for Toronto Blue Jays : RHP Michael Fulmer
|
Batting: LHB Logan Morrison
|
0-0: Ball 1-0: Fly out, F5 (Popup, 5F)
|
Batting: RHB Devon Travis
|
0-0: Called Strike 0-1: Swinging Strike 0-2: Fly out, F8 (Line Drive, 8LM)
|
Batting: LHB Brandon Crawford
|
0-0: Called Strike 0-1: Ball 1-1: Ground out 4-3 (Groundball, 4)
|
Bottom of the 6th over - 0 runs, 0 hits, 0 errors, 0 left on base; Toronto 5 - New York 3 |
TOP OF THE 7TH |
Toronto Blue Jays batting - Pitching for New York Yankees : RHP Wade Davis
|
Pitching: RHP Austin House
|
|
Batting: RHB Andrew McCutchen
|
0-0: Called Strike 0-1: Foul Ball, location: 2F 0-2: Fly out, F9 (Flyball, 9)
|
Batting: SHB Josh Bell
|
0-0: Foul Ball, location: 2F 0-1: TRIPLE (Flyball, 9LD)
|
Batting: LHB Carlos Gonzalez
|
0-0: Ball 1-0: Foul Ball, location: 2F 1-1: Swinging Strike 1-2: Foul Ball, location: 2F 1-2: DOUBLE (Line Drive, 89XD) Josh Bell scores
|
Pitching: LHP Xavier Cedeno
|
|
Batting: RHB Nicholas Castellanos
|
0-0: Called Strike 0-1: Ball 1-1: Called Strike 1-2: Ball 2-2: Foul Ball, location: 2F 2-2: SINGLE (Groundball, 4D) Carlos Gonzalez to third
|
Batting: RHB Jorge Soler
|
0-0: Foul Ball, location: 2F 0-1: Called Strike 0-2: Foul Ball, location: 2F 0-2: Strikes out looking
|
Batting: RHB Keon Broxton
|
0-0: Ball 1-0: Called Strike 1-1: Ball 2-1: Called Strike 2-2: TRIPLE (Flyball, 8LXD) Carlos Gonzalez scores Nicholas Castellanos scores
|
Batting: RHB Austin Hedges
|
0-0: Ground out 6-3 (Groundball, 6)
|
Top of the 7th over - 3 runs, 4 hits, 0 errors, 1 left on base; Toronto 8 - New York 3 |
BOTTOM OF THE 7TH |
New York Yankees batting - Pitching for Toronto Blue Jays : RHP Michael Fulmer
|
Batting: LHB Billy McKinney
|
0-0: Ball 1-0: Foul Ball, location: 2F 1-1: Ball 2-1: Swinging Strike 2-2: Ball 3-2: TRIPLE (Flyball, 89XD)
|
Batting: RHB Manny Margot
|
0-0: Ball 1-0: Called Strike 1-1: Ball 2-1: Fly out, F8 (Line Drive, 8LM) Runner from 3rd tags up, SCORES, throw made
|
Pitching: RHP Emilio Pagan
|
|
Batting: RHB Anthony Rendon
|
0-0: Called Strike 0-1: Ball 1-1: Ball 2-1: Ball 3-1: Foul Ball, location: 2F 3-2: Fly out, F6 (Popup, P)
|
Batting: RHB Ryan Braun
|
0-0: Called Strike 0-1: SINGLE (Line Drive, 4D)
|
Batting: LHB Willie Calhoun
|
0-0: Foul Ball, location: 2F 0-1: Foul Ball, location: 2F 0-2: SINGLE (Flyball, 5D) Ryan Braun to second
|
Batting: RHB Buster Posey
|
0-0: Foul Ball, location: 2F 0-1: Swinging Strike 0-2: Strikes out swinging
|
Bottom of the 7th over - 1 run, 3 hits, 0 errors, 2 left on base; Toronto 8 - New York 4 |
TOP OF THE 8TH |
Toronto Blue Jays batting - Pitching for New York Yankees : LHP Xavier Cedeno
|
Pitching: RHP Kyle Zimmer
|
|
Batting: LHB Dee Gordon
|
0-0: Called Strike 0-1: Called Strike 0-2: Fly out, F9 (Line Drive, 9)
|
Batting: RHB Elvis Andrus
|
0-0: Ball 1-0: Ball 2-0: Ball 3-0: Base on Balls
|
Batting: RHB Andrew McCutchen
|
0-0: Ball 1-0: Fly out, F8 (Flyball, 8RS)
|
Batting: SHB Josh Bell
|
0-0: Foul Ball, location: 2F 0-1: Ball Pickoff Throw to First - Out!
|
Top of the 8th over - 0 runs, 0 hits, 0 errors, 0 left on base; Toronto 8 - New York 4 |
BOTTOM OF THE 8TH |
New York Yankees batting - Pitching for Toronto Blue Jays : RHP Emilio Pagan
|
Pitching: RHP Dellin Betances
|
|
Batting: LHB Logan Morrison
|
0-0: Swinging Strike 0-1: Foul Ball, location: 2F 0-2: Ball 1-2: Ball 2-2: Foul Ball, location: 2F 2-2: Foul Ball, location: 2F 2-2: Fly out, F9 (Flyball, 89S)
|
Batting: RHB Devon Travis
|
0-0: Called Strike 0-1: Ball 1-1: Called Strike 1-2: Strikes out swinging
|
Batting: LHB Brandon Crawford
|
0-0: SINGLE (Line Drive, 6MD)
|
Batting: LHB Billy McKinney
|
0-0: Called Strike 0-1: Foul Ball, location: 2F 0-2: Ball 1-2: Ball 2-2: Ball 3-2: Base on Balls Brandon Crawford to second
|
Batting: RHB Manny Margot
|
0-0: Called Strike 0-1: Foul Ball, location: 2F 0-2: Foul Ball, location: 2F 0-2: Strikes out swinging
|
Bottom of the 8th over - 0 runs, 1 hit, 0 errors, 2 left on base; Toronto 8 - New York 4 |
TOP OF THE 9TH |
Toronto Blue Jays batting - Pitching for New York Yankees : RHP Kyle Zimmer
|
Batting: SHB Josh Bell
|
0-0: Called Strike 0-1: Foul Ball, location: 2F 0-2: Fly out, F9 (Flyball, 89M)
|
Batting: LHB Carlos Gonzalez
|
0-0: Called Strike 0-1: Ball 1-1: Ball 2-1: Foul Ball, location: 2F 2-2: Ball 3-2: Strikes out swinging
|
Batting: RHB Nicholas Castellanos
|
0-0: Called Strike 0-1: Ball 1-1: Fly out, F8 (Flyball, 8LXD)
|
Top of the 9th over - 0 runs, 0 hits, 0 errors, 0 left on base; Toronto 8 - New York 4 |
BOTTOM OF THE 9TH |
New York Yankees batting - Pitching for Toronto Blue Jays : RHP Dellin Betances
|
Pitching: RHP Trevor Rosenthal
|
|
Batting: RHB Anthony Rendon
|
0-0: Foul Ball, location: 2F 0-1: Foul Ball, location: 2F 0-2: Ball 1-2: SOLO HOME RUN (Flyball, 8LXD), Distance : 432 ft
|
Batting: RHB Ryan Braun
|
0-0: Ball 1-0: Fly out, F8 (Flyball, 89M)
|
Batting: LHB Willie Calhoun
|
0-0: Called Strike 0-1: Ball 1-1: Foul Ball, location: 2F 1-2: Ball 2-2: Ball 3-2: Fly out, F5 (Popup, 5F)
|
Batting: RHB Buster Posey
|
0-0: Ball 1-0: Called Strike 1-1: Ball 2-1: Fly out, F7 (Flyball, 78S)
|
Bottom of the 9th over - 1 run, 1 hit, 0 errors, 0 left on base; Toronto 8 - New York 5 |
|